Map: 黑暗杀星

Players

邀月

  • Race: Protoss Protoss
  • League: Master
  • Spawn Location: 5:00

Kevinorc

  • Race: Terran Terran
  • Spawn Location: 5:00

VOD

Have the link to the VOD?

Description

Time

  • Played on: Feb. 25, 2018, 1:23 a.m.
  • Length: 15:41
Show
View Real Time Build Order
Export as new Build Order

邀月 Protoss 

Build Orders:  

Get SALT Encoding   

  12  0:03  Probe (Chrono Boost)  
  13  0:16  Probe (Chrono Boost)  
  14  0:28  Probe (Chrono Boost)  
  15  0:35  Pylon  
  15  0:39  Probe (Chrono Boost)  
  16  0:50  Assimilator  
  16  0:51  Probe (Chrono Boost)  
  17  1:03  Probe (Chrono Boost)  
  17  1:05  Gateway  
  18  1:15  Assimilator, Probe (Chrono Boost)  
  19  1:27  Probe (Chrono Boost)  
  20  1:39  Probe (Chrono Boost)  
  21  1:43  Cybernetics Core  
  21  1:49  Forge  
  21  1:51  Probe (Chrono Boost)  
  22  2:03  Probe (Chrono Boost)  
  23  2:15  Protoss Air Weapons Level 1, Probe (Chrono Boost)  
  24  2:24  Twilight Council  
  24  2:27  Probe (Chrono Boost)  
  25  2:30  Kaldalis' A.I. Personality  
  25  2:35  Purifier Armaments  
  26  2:53  Probe (Chrono Boost)  
  26  2:59  Empowered Blades  
  26  3:06  Talis' A.I. Personality  
  27  3:10  Probe (Chrono Boost)  
  27  3:17  Legionnaire  
  30  3:47  Adept  
  32  4:04  Fleet Beacon, Stargate  
  32  4:06  Debilitation System  
  32  4:07  Observation Protocol  
  32  4:29  Probe (Chrono Boost)  
  33  4:41  Pylon  
  33  4:47  Protoss Air Weapons Level 2  
  33  5:07  Carrier  
  34  5:13  Clolarion's A.I. Personality  
  39  5:36  Nexus  
  39  5:39  Pylon  
  39  5:48  Assimilator  
  39  5:56  Assimilator  
  39  5:59  Interdictors  
  40  6:15  Probe (Chrono Boost)  
  40  6:28  Stargate  
  41  6:31  Stargate  
  41  6:32  Probe (Chrono Boost)  
  41  6:49  Probe (Chrono Boost)  
  42  6:52  Carrier  
  42  7:06  Probe (Chrono Boost)  
  42  7:09  Protoss Air Weapons Level 3  
  43  7:18  Probe (Chrono Boost)  
  45  7:23  Probe (Chrono Boost)  
  52  7:32  Carrier  
  52  7:33  Probe (Chrono Boost)  
  59  7:40  Probe (Chrono Boost)  
  60  7:50  Probe (Chrono Boost)  
  60  7:57  Probe (Chrono Boost)  
  61  8:07  Probe (Chrono Boost)  
  69  8:14  Probe (Chrono Boost)  
  63  8:20  Stargate  
  63  8:22  Stargate  
  63  8:25  Pylon  
  65  8:32  Probe (Chrono Boost)  
  65  8:34  Probe (Chrono Boost)  
  65  8:36  Mojo's A.I. Personality  
  65  8:41  Graviton Catapult  
  65  8:48  Probe (Chrono Boost)  
  67  9:05  Probe (Chrono Boost)  
  67  9:07  Probe (Chrono Boost)  
  66  9:22  Probe (Chrono Boost)  
  66  9:28  Probe (Chrono Boost)  
  67  9:43  Carrier  
  67  9:44  Carrier  
  67  9:47  Combat Sensor Array  
  79  9:52  Pylon  
  79  9:53  Pylon  
  79  10:17  Carrier  
  91  10:24  Pylon x2  
  91  10:38  Carrier  
  95  11:25  Scout  
  92  11:43  Carrier  
  92  11:44  Suppression Procedure, Scout  
  101  11:53  Scout  
  104  12:08  Pylon  
  104  12:10  Pylon  
  104  12:13  Scout  
  104  12:14  Scout  
  104  12:17  Scout  
  110  12:26  Pylon  
  110  12:29  Scout  
  113  12:35  Scout  
  116  12:43  Scout  
  116  12:46  Scout  
  125  12:52  Scout  
  125  12:56  Scout  
  131  13:13  Scout  
  137  13:31  Scout  
  137  13:46  Scout  
  137  13:47  Scout  
  137  13:56  Scout  
  137  13:57  Scout  
  131  14:07  Scout  
  118  14:27  Scout  
Show
View Real Time Build Order
Export as new Build Order

Kevinorc Terran 

Build Orders:  

Get SALT Encoding   

Tags
 
Commander
FenixRaynor
League
Master
Matchup
Co-op
Replay Pack
Co-op Speedrun
Add a new tag
Caveats
  • Supply blocks, unpowered buildings, or Contaminate may cause inaccurate times.
  • Supply counts are checked every 10 seconds.